 Dungeon Crawl Stone Soup version 0.31.0-12-g77e489cdc1 (webtiles) character file.

Game seed: 17699131919939325827

14378 PaiMei the Artisan of Death (level 11, -7/89 HPs)
             Began as a Demonspawn Necromancer on Feb 26, 2024.
             Was a Priest of Kikubaaqudgha.
             Mangled by an ice devil (16 damage)
             ... led by Amaemon
             ... on level 3 of the Lair of Beasts.
             The game lasted 00:27:09 (18695 turns).

PaiMei the Artisan of Death (DsNe)                 Turns: 18695, Time: 00:27:10

Health: -7/89      AC: -1    Str: 12    XL:     11   Next: 87%
Magic:  33/33      EV: 16    Int: 25    God:    Kikubaaqudgha [***...]
Gold:   542        SH:  4    Dex: 15    Spells: 20/28 levels left

rFire   . . .        N - +3 quarterstaff (chaos)
rCold   + . .        (shield currently unavailable)
rNeg    . . .        u - +1 leather armour "Nuapop" {Rampage rElec rPois Str+4}
rPois   +            (no helmet)
rElec   +            M - +0 cloak
rCorr   .            n - +1 pair of gloves
SInv    .            (no boots)
Will    .....        B - amulet of regeneration
Stlth   ++           C - +6 ring of intelligence
HPRegen 1.14/turn    k - ring of magical power
MPRegen 0.23/turn

%: rampage
@: corroded, hasted, very quick
A: claws 2, icy blue scales 3, foul stench 2, condensation shield
a: Renounce Religion, Unearth Wretches


You were on level 3 of the Lair of Beasts.
You worshipped Kikubaaqudgha.
Kikubaaqudgha was most pleased with you.
You visited 3 branches of the dungeon, and saw 14 of its levels.
You also visited: Ossuary.

You collected 542 gold pieces.

Inventory:

Hand Weapons
 c - a +2 hand axe of freezing
 N - a +3 quarterstaff of chaos (weapon)
 R - a +2 short sword of protection
Missiles
 a - 4 atropa-tipped darts
 d - 37 poisoned darts (quivered)
 x - 2 throwing nets
 Z - 2 datura-tipped darts
Armour
 n - a +1 pair of gloves (worn)
 u - the +1 leather armour "Nuapop" (worn) {Rampage rElec rPois Str+4}
   (You found it on level 4 of the Dungeon)

   Str+4:     It affects your strength (+4).
   rElec:     It insulates you from electricity.
   rPois:     It protects you from poison Rampage: It bestows one free step when
   moving towards enemies.
 A - an orb of light
 M - a +0 cloak (worn)
 T - the +0 ring mail of the Barracuda {Regen+ Stlth+}
   (You found it on level 9 of the Dungeon)

   Regen+:    It increases your rate of health regeneration.
   Stlth+:    It makes you more stealthy.
Jewellery
 e - a ring of protection from cold
 g - a +6 ring of intelligence
 k - a ring of magical power (right hand)
 s - a ring of positive energy
 t - a ring of wizardry
 B - an amulet of regeneration (around neck)
 C - a +6 ring of intelligence (left hand)
 L - a ring of poison resistance
 S - an amulet of magic regeneration
Wands
 W - a wand of flame (10)
 X - a wand of roots (5)
Scrolls
 h - 7 scrolls of teleportation
 j - 5 scrolls of poison
 l - 2 scrolls of vulnerability {unknown}
 m - a scroll of silence {unknown}
 o - 3 scrolls of noise
 p - 2 scrolls of fog {unknown}
 w - 6 scrolls of enchant armour
 y - 3 scrolls of fear {unknown}
 F - 2 scrolls of revelation {unknown}
 J - a scroll of enchant weapon {unknown}
 O - a scroll of amnesia {unknown}
 P - a scroll of brand weapon {unknown}
 Q - a scroll of blinking {unknown}
 V - a scroll of immolation {unknown}
 Y - a scroll of summoning {unknown}
Potions
 b - 2 potions of magic
 f - 3 potions of might {unknown}
 i - 3 potions of lignification
 q - 4 potions of curing
 r - 4 potions of degeneration {unknown}
 v - 2 potions of invisibility {unknown}
 z - 2 potions of haste
 D - 2 potions of cancellation {unknown}
 E - 3 potions of attraction {unknown}
 G - 6 potions of ambrosia
 H - 3 potions of heal wounds
 I - a potion of enlightenment {unknown}
 K - a potion of mutation {unknown}
 U - a potion of resistance {unknown}


   Skills:
 + Level 9.0 Fighting
 + Level 9.2 Dodging
 - Level 4.0 Stealth
 + Level 9.2 Spellcasting
 + Level 11.5 Necromancy


You had 20 spell levels left.
You knew the following spells:

 Your Spells              Type           Power      Damage    Failure   Level
a - Necrotise             Necr           100%       1d9       1%          1
b - Vampiric Draining     Necr           62%        2d10      1%          3
c - Animate Dead          Necr           62%        N/A       1%          4

Your spell library contained the following spells:

 Spells                   Type           Power      Damage    Failure   Level
 Kiss of Death            Conj/Necr      100%       2d13      1%          1
 Sublimation of Blood     Necr           62%        N/A       1%          2
 Fugue of the Fallen      Necr           62%        N/A       1%          3
 Dispel Undead            Necr           62%        3d22      1%          4
 Curse of Agony           Necr           62%        N/A       1%          5
 Cigotuvi's Dreadful Rot  Necr/Alch/Air  60%        N/A       2%          2
 Anguish                  Hex/Necr       20%        N/A       6%          4
 Martyr's Knell           Necr/Summ      40%        N/A       6%          4
 Death Channel            Necr           31%        N/A       9%          6
 Call Imp                 Summ           22%        N/A       11%         2
 Ensorcelled Hibernation  Hex/Ice        22%        N/A       11%         2
 Confusing Touch          Hex            11%        N/A       21%         3
 Summon Hydra             Summ           5%         N/A       100%        7


Dungeon Overview and Level Annotations

Branches:
Dungeon (10/15)            Temple (1/1) D:6            Lair (3/5) D:10
 Spider (0/4) Lair:2      Ossuary (visited)
  Swamp: Lair:2-3    Shoals: Lair:2-3       Orc: D:9-12

Altars:
Ashenzari
Cheibriados
Dithmenos
Fedhas
Gozag
Hepliaklqana
Kikubaaqudgha
Makhleb
Nemelex Xobeh
Okawaru
Qazlal
Ru
Sif Muna
Trog
Uskayaw
Vehumet
Wu Jian
Xom
Yredelemnul

Shops:
D:3 =[   D:9 *

Annotations:
D:5 3 runed translucent doors, Menkaure; Tripartite's ghost, novice DrCj
D:6 Jeremiah
D:8 1 runed translucent door, Curundu's ghost, novice MiBe
D:10 Snorg


Innate Abilities, Weirdness & Mutations

You have very sharp fingernails.
You are completely covered in icy blue scales. (AC +4, rC+)
You sometimes emit foul miasma when damaged in melee.
A meltable shield of frost defends you. (SH +4)


Message History

The ice devil hits you! The ice devil freezes you! You resist.
You hit the ice devil but do no damage.
The ice devil is moderately wounded.
The ice devil hits you. The ice devil freezes you! You resist.
The ice devil closely misses you.
Casting: Vampiric Draining (safe; 1% risk of failure)
Confirm with . or Enter, or press ? or * to list all spells.
You can't see any susceptible monsters within range! (Use Z to cast anyway.)
The ice devil misses you.
The ice devil attacks as it pursues you!
The ice devil closely misses you.
There is a stone staircase leading up here.
You closely miss the ice devil.
The ice devil is moderately wounded.
You block the ice devil's attack. The ice devil hits you.
The ice devil freezes you. You resist.
You completely miss the ice devil.
The ice devil is moderately wounded.
The ice devil hits you!
* * * LOW HITPOINT WARNING * * *
The ice devil freezes you! You resist.
* * * LOW HITPOINT WARNING * * *
You emit a cloud of foul miasma!
The ice devil misses you.
Okay, then.
You feel much better. You block the ice devil's attack. The ice devil hits you!
* * * LOW HITPOINT WARNING * * *
The ice devil freezes you. You resist.
* * * LOW HITPOINT WARNING * * *
You feel yourself speed up. The ice devil hits you!
* * * LOW HITPOINT WARNING * * *
The ice devil freezes you. You resist.
* * * LOW HITPOINT WARNING * * *
You feel much better. The ice devil hits you!
* * * LOW HITPOINT WARNING * * *
The ice devil freezes you! You resist.
* * * LOW HITPOINT WARNING * * *
The ice devil attacks as it pursues you!
The ice devil hits you!
You die...
Kikubaaqudgha rasps: "You have failed me!
Welcome... death!"

#..#........#.......
#..................###.
#...........#..........
##......................
.#.................P...#
....#........#.....#....
...................P...#
.............#ยง4@..P..#
....P.+#P.#.#...........
................#P......
................#######...
.......(........## ###....
#................###.......
##.<.......................
#.....#.#.P.......P.......
##.....#...................


You could see an ice devil (fast).

Vanquished Creatures
  An ugly thing (D:9)
  A black mamba (Lair:1)
  3 cane toads
  A komodo dragon (Lair:1)
  A queen bee (D:9)
  2 trolls (D:9)
  A polar bear (Lair:3)
  9 blink frogs (Lair:1)
  Prince Ribbit (D:6)
  A hornet (Lair:2)
  A slime creature (D:7)
  3 jumping spiders (Lair:2)
  A shadow (D:10)
  2 wraiths
  15 yaks
  2 steam dragons
  A redback (Lair:2)
  5 water moccasins
  An ice beast (D:7)
  A sky beast (D:7)
  2 ogres (D:8)
  3 orc warriors
  A wolf (Lair:2)
  A phantom (D:6)
  A gnoll sergeant (D:10)
  2 kobold brigands
  13 bullfrogs
  3 scorpions
  11 wights
  A burial acolyte (Ossuary)
  28 killer bees
  3 bombardier beetles
  A lava snake (D:9)
  3 jellies
  3 hounds
  4 orc priests
  2 gnoll boudas
  Crazy Yiuf (D:6)
  2 iguanas
  5 orc wizards
  3 mummies (Ossuary)
  18 gnolls
  8 adders
  3 white imps
  2 adder skeletons (D:3)
  7 dart slugs
  A ribbon worm (D:2)
  34 orcs
  7 ball pythons
  5 endoplasms
  5 giant cockroaches
  5 gnoll zombies (Ossuary)
  15 goblins
  18 hobgoblins
  4 jackals (D:1)
  3 quokkas
  2 bats
  2 frilled lizards (D:2)
  6 gnoll skeletons (Ossuary)
  4 goblin skeletons (Ossuary)
  4 goblin zombies (Ossuary)
  3 hobgoblin skeletons (Ossuary)
  6 hobgoblin zombies (Ossuary)
  21 kobolds
  4 kobold skeletons (Ossuary)
  4 kobold zombies (Ossuary)
  3 orc skeletons (Ossuary)
  3 orc zombies (Ossuary)
  3 rats
  5 rat skeletons (Ossuary)
  3 rat zombies (Ossuary)
354 creatures vanquished.

Vanquished Creatures (collateral kills)
  2 blink frogs (Lair:1)
  A hound (D:3)
  A jelly (D:7)
  A gnoll (D:3)
  An endoplasm (D:2)
  A bat (D:3)
  A kobold (D:4)
8 creatures vanquished.

Vanquished Creatures (others)
  A killer bee (D:7)
  A killer bee zombie (D:7)
2 creatures vanquished.

Grand Total: 364 creatures vanquished

Notes
Turn   | Place    | Note
-------+----------+-------------------------------------------
     0 | D:1      | PaiMei the Demonspawn Necromancer began the quest for the
                  | Orb.
     0 | D:1      | Reached XP level 1. HP: 13/13 MP: 3/3
   231 | D:1      | Gained mutation: You have sharp fingernails. [demonic
                  | ancestry]
   231 | D:1      | Reached XP level 2. HP: 17/19 MP: 0/5
   782 | D:1      | Gained mutation: You are partially covered in icy blue
                  | scales. (AC +2) [demonic ancestry]
   782 | D:1      | Reached XP level 3. HP: 15/24 MP: 0/6
  1978 | D:2      | Gained mutation: You are mostly covered in icy blue scales.
                  | (AC +3) [demonic ancestry]
  1978 | D:2      | Reached XP level 4. HP: 30/30 MP: 5/7
  2203 | D:2      | Reached skill level 5 in Necromancy
  2474 | D:2      | Found a faded altar of an unknown god.
  2864 | D:3      | Found Kur Acut's Jewellery Shop.
  2953 | D:3      | Found Senne's Antique Armour Shop.
  3252 | D:3      | Gained mutation: You have very sharp fingernails. [demonic
                  | ancestry]
  3252 | D:3      | Reached XP level 5. HP: 35/35 MP: 9/9
  3418 | D:3      | Found a hazy altar of Hepliaklqana.
  3480 | D:3      | Found a shadowy altar of Dithmenos.
  3480 | D:3      | Noticed a shadow
  4393 | D:4      | Reached XP level 6. HP: 41/41 MP: 11/11
  4561 | D:3      | Learned a level 3 spell: Vampiric Draining
  4566 | D:3      | Learned a level 4 spell: Animate Dead
  5017 | D:4      | Identified the +1 leather armour "Nuapop" {Rampage rElec
                  | rPois Str+4}
  5696 | D:5      | Entered Level 5 of the Dungeon
  5710 | D:5      | Reached skill level 6 in Necromancy
  5710 | D:5      | Gained mutation: A meltable shield of frost defends you.
                  | (SH +4) [demonic ancestry]
  5710 | D:5      | Reached XP level 7. HP: 46/46 MP: 12/12
  5922 | D:5      | Noticed Menkaure
  5984 | D:5      | Reached skill level 1 in Fighting
  6242 | D:5      | Found a runed translucent gate.
  6244 | D:5      | Found a runed translucent gate.
  6245 | D:5      | Found a runed translucent gate.
  6245 | D:5      | Noticed Tripartite's ghost (novice DrCj)
  6314 | D:5      | Identified the +2 mace of the Wraith {heavy, Dex+3}
  6355 | D:6      | Noticed Prince Ribbit
  6375 | D:6      | Killed Prince Ribbit
  6625 | D:6      | Noticed Jeremiah
  6739 | D:6      | Found a sand-covered staircase.
  6794 | D:6      | Gained mutation: You may rarely emit foul miasma when
                  | damaged in melee. [demonic ancestry]
  6794 | D:6      | Reached XP level 8. HP: 57/57 MP: 14/14
  6882 | Ossuary  | Entered an ossuary
  7888 | D:6      | Noticed an angel
  7892 | D:6      | Found a shimmering altar of Xom.
  7968 | D:6      | Found a staircase to the Ecumenical Temple.
  7979 | D:6      | Reached skill level 7 in Necromancy
  7982 | Temple   | Entered the Ecumenical Temple
  8029 | Temple   | Became a worshipper of Kikubaaqudgha
  8240 | D:6      | Found a runed translucent door.
  8241 | D:6      | Noticed Crazy Yiuf
  8467 | D:6      | Killed Crazy Yiuf
  8468 | D:6      | Reached skill level 5 in Dodging
  8468 | D:6      | Reached skill level 5 in Spellcasting
  8613 | D:7      | Found a burning altar of Makhleb.
  8613 | D:7      | Found an ornate altar of the Wu Jian Council.
  9127 | D:7      | Reached XP level 9. HP: 61/65 MP: 17/17
  9239 | D:7      | Reached skill level 8 in Necromancy
  9265 | D:7      | Reached skill level 5 in Fighting
 10399 | D:8      | Reached * piety under Kikubaaqudgha
 10399 | D:8      | Received a gift from Kikubaaqudgha
 10495 | D:8      | Found a runed translucent door.
 10495 | D:8      | Noticed Curundu's ghost (novice MiBe)
 10662 | D:8      | Reached skill level 9 in Necromancy
 10759 | D:8      | Found a bloodstained altar of Trog.
 11398 | D:9      | Found Zaunoskoonn's General Store.
 11441 | D:9      | Noticed a green ugly thing
 11452 | D:9      | Gained mutation: You are completely covered in icy blue
                  | scales. (AC +4, rC+) [demonic ancestry]
 11452 | D:9      | Reached XP level 10. HP: 41/75 MP: 20/20
 12346 | D:9      | Killed a green ugly thing
 12869 | D:9      | Found a shimmering blue altar of Sif Muna.
 13360 | D:9      | Found a radiant altar of Vehumet.
 13550 | D:9      | Reached ** piety under Kikubaaqudgha
 14008 | D:9      | Reached skill level 10 in Necromancy
 14103 | D:9      | Identified the +0 ring mail of the Barracuda {Regen+
                  | Stlth+}
 14666 | D:10     | Entered Level 10 of the Dungeon
 15254 | D:10     | Found a staircase to the Lair.
 15830 | D:10     | Found a sparkling altar of Nemelex Xobeh.
 15934 | D:10     | Noticed Snorg
 15974 | Lair:1   | Entered Level 1 of the Lair of Beasts
 15979 | Lair:1   | Gained mutation: You sometimes emit foul miasma when
                  | damaged in melee. [demonic ancestry]
 15979 | Lair:1   | Reached XP level 11. HP: 84/84 MP: 19/23
 16834 | Lair:1   | Reached skill level 11 in Necromancy
 17304 | Lair:2   | Found a hole to the Spider Nest.
 17800 | Lair:2   | Noticed a spriggan druid
 17801 | Lair:2   | Noticed a spriggan druid
 17806 | Lair:2   | Reached *** piety under Kikubaaqudgha
 17806 | Lair:2   | Received a gift from Kikubaaqudgha
 18693 | Lair:3   | HP: 3/89 [ice devil[Amaemon] (5)]
 18695 | Lair:3   | Mangled by an ice devil

Illustrated notes

Levels and vault maps discovered:
D:1:      tarquinn_simple_flora_water_c, layout_loops_corners,
          minmay_nonomino_d4
D:2:      layout_loops_ring, shapermc_ecumenical_altar_acropolis,
          dreamdust_wishing_well, grunt_ministairs_15
D:3:      layout_basic, riverfiend_overflow_shadow_ancestor, serial_shops, shop,
          nicolae_shop_temple_entry_statues_fountains, serial_undead,
          serial_undead_c, serial_undead_a, serial_undead_c, serial_undead_c
D:4:      corexii_shantytown, layout_cave_pools
D:5:      cheibrodos_quashed, layout_loops_ring, kennysheep_mini,
          biasface_ghost_orc_armoury, nicolae_letterblocks
          [nicolae_letter_subblock, nicolae_letter_subblock,
          nicolae_letter_subblock, nicolae_letter_subblock,
          nicolae_letter_subblock, nicolae_letter_subblock,
          nicolae_letter_subblock, nicolae_letter_subblock,
          nicolae_letter_subblock, nicolae_letter_subblock,
          nicolae_letter_subblock, nicolae_letter_subblock,
          nicolae_letter_subblock, nicolae_letter_subblock,
          nicolae_letter_subblock, nicolae_letter_subblock,
          nicolae_letter_subblock, nicolae_letter_subblock,
          nicolae_letter_subblock, nicolae_letter_subblock,
          nicolae_letter_subblock, nicolae_letter_subblock,
          nicolae_letter_subblock, nicolae_letter_subblock,
          nicolae_letter_subblock], uniq_menkaure
D:6:      layout_loops_ring, grunt_temple_overflow_order_and_chaos_1,
          minmay_temple_entry_mist, nicolae_ossuary_entry_ruins,
          wad_floor_pattern_1, uniq_crazy_yiuf_cottage, uniq_prince_ribbit1,
          uniq_jeremiah
D:7:      layout_basic, mainiacjoe_overflow_catwalk_spiral, minmay_microvault
D:8:      layout_rooms, lemuel_crystal_altar, hellmonk_ghost_big_iron,
          enter_bailey_3, corexii_checkpoint
D:9:      layout_roguey [special_room_bee], mainiacjoe_overflow_24_doors,
          amcnicky_altar_gilded, serial_shops, nicolae_inconvenience_store,
          lemuel_flamethrower_2
D:10:     layout_gridville, kennysheep_little_box, lair_entry_dummy,
          nicolae_the_louvre, uniq_snorg
Temple:   grunt_temple_mini_profane
Lair:1:   layout_loops_ring, serial_bayou_pond_a, serial_bayou_shore_b
Lair:2:   layout_long_grid, mainiacjoe_swamp_entry_angry_trees,
          spider_nest_entry_a
Lair:3:   layout_chaotic_city, grunt_forest_large_clearings, uniq_amaemon

Skill      XL: |  1  2  3  4  5  6  7  8  9 10 11 |
---------------+----------------------------------+-----
Stealth        | 2 3 4 |  4.0
Dodging        | 2 3 4 5 6 8 9 |  9.2
Necromancy     | 5 6 7 9 10 11 | 11.5
Spellcasting   | 3 4 5 6 8 9 |  9.2
Fighting       | 2 4 5 7 9 |  9.0

Action                     |  1- 3 |  4- 6 |  7- 9 | 10-12 || total
---------------------------+-------+-------+-------+-------++-------
  Melee: Unarmed           |     8 |       |       |       ||     8
         Dagger            |    21 |    47 |    81 |       ||   149
         Rapier            |       |       |   208 |       ||   208
         Quarterstaff      |       |       |    86 |   125 ||   211
         Punch             |       |       |     5 |     8 ||    13
         Short sword       |       |       |    79 |   298 ||   377
   Cast: Necrotise         |    75 |   202 |   119 |   113 ||   509
         Vampiric Draining |       |       |    59 |   134 ||   193
    Use: Scroll            |       |       |       |     8 ||     8
         Potion            |       |       |       |     3 ||     3
   Stab: Sleeping          |       |     1 |     6 |       ||     7
         Distracted        |       |       |     1 |       ||     1
         Confused          |       |       |       |     2 ||     2
 Armour: Robe              |    28 |    65 |       |       ||    93
         Leather armour    |       |    21 |   252 |   407 ||   680
  Dodge: Dodged            |    35 |   104 |   276 |   540 ||   955
  Block: Other             |       |       |    80 |   112 ||   192
